 Dungeon Crawl Stone Soup version 0.27.0-1-g7a089689b8 (webtiles) character file.

Game seed: 11007698862620402783

152616 Spaninq the Brawler (level 17, -24/167 (170) HPs)
             Began as a Troll Chaos Knight on Aug 12, 2021.
             Was a Plaything of Xom.
             Killed from afar by a thorn hunter (31 damage)
             ... with a volley of thorns
             ... on level 4 of the Swamp.
             The game lasted 01:27:41 (23745 turns).

Spaninq the Brawler (Troll Chaos Knight)           Turns: 23745, Time: 01:27:42

HP:   -24/167 (170) AC: 20    Str: 31    XL:     17   Next: 3%
MP:   16/16         EV:  8    Int:  8    God:    Xom [....*.]
Gold: 3110          SH: 22    Dex:  9    Spells: 16/16 levels left

rFire    + . .     SeeInvis .     - Unarmed
rCold    . . .     Faith    .   b - +1 tower shield {reflect}
rNeg     . . .     Spirit   .   H - quicksilver dragon scales
rPois    +         Reflect  +   G - +2 hat
rElec    .         Harm     .   I - +2 cloak {Will+}
rCorr    .         Rampage  .   (gloves unavailable)
Will     +++..                  (boots unavailable)
Stlth    ++........             h - amulet of the acrobat
HPRegen  1.37/turn              s - +6 ring of strength
MPRegen  0.15/turn              c - ring of Equilibrium {rPois rF+}

@: grasped by roots, constricted, lightly drained
A: large, unfitting armour, claws 3, regeneration 1, shaggy fur 2, tough skin 1,
hooves 1, horns 1, camouflage 1, weak 2, wild magic 1, sturdy frame 1, noise
suppression
a: Renounce Religion


You were on level 4 of the Swamp.
You worshipped Xom.
You were a beloved toy of Xom.
You visited 6 branches of the dungeon, and saw 27 of its levels.

You collected 3387 gold pieces.
You spent 277 gold pieces at shops.

Inventory:

Hand Weapons
 a - a +7 scimitar of flaming
 N - the +6 shillelagh "Devastator" {shatter}
   (Xom gifted it to you on level 4 of the Swamp)

   It releases a powerful concussive burst when it strikes, dealing extra damage
   to the target and all other foes adjacent to them.
Missiles
 f - 108 poisoned darts (quivered)
Armour
 b - a +1 tower shield of reflection (worn)
 z - +0 acid dragon scales
 G - a +2 hat (worn)
 H - quicksilver dragon scales (worn)
 I - a +2 cloak of willpower (worn)
 O - +0 swamp dragon scales
Jewellery
 c - the ring of Equilibrium (right claw) {rPois rF+}
   (You found it on level 4 of the Dungeon)

   [ring of protection from fire]

   rF:        It protects you from fire.
   rPois:     It protects you from poison.
 h - an amulet of the acrobat (around neck)
 j - a +4 ring of protection
 k - the ring "Caunes" {rPois rF+}
   (You acquired it on level 9 of the Dungeon)

   [ring of poison resistance]

   rF:        It protects you from fire.
   rPois:     It protects you from poison.
 p - a ring of flight
 s - a +6 ring of strength (left claw)
 u - a ring of resist corrosion
 L - a ring of poison resistance
Wands
 g - a wand of acid (7)
 n - a wand of paralysis (12)
 y - a wand of mindburst (13)
 A - a wand of digging (6)
 M - a wand of flame (11)
Scrolls
 m - 3 scrolls of enchant armour
 q - 5 scrolls of teleportation
 v - 3 scrolls of fear
 B - a scroll of amnesia
 C - 2 scrolls of magic mapping
Potions
 d - 2 potions of brilliance
 e - 2 potions of ambrosia
 i - 5 potions of might
 l - a potion of haste
 o - 5 potions of flight
 r - 2 potions of magic
 t - 10 potions of curing
 w - 5 potions of cancellation
 x - a potion of berserk rage
 F - a potion of resistance {unknown}
 J - a potion of invisibility
Miscellaneous
 K - a condenser vane


   Skills:
 + Level 11.4 Fighting
 + Level 8.4 Armour
 + Level 8.8 Dodging
 + Level 13.7 Shields
 * Level 17.7 Unarmed Combat


You had 16 spell levels left.
You didn't know any spells.
Your spell library contained the following spells:

 Spells                   Type           Power      Damage    Failure   Level
 Apportation              Tloc           0%         N/A       63%         1
 Beastly Appendage        Tmut           0%         N/A       63%         1
 Freeze                   Ice            0%         1d3       63%         1
 Magic Dart               Conj           0%         1d3       63%         1
 Pain                     Necr           0%         1d4       63%         1
 Shock                    Conj/Air       0%         1d3       63%         1
 Sting                    Tmut/Pois      0%         1d3       63%         1
 Poisonous Vapours        Pois/Air       0%         N/A       77%         2
 Searing Ray              Conj           0%         3d3       77%         2
 Slow                     Hex            0%         N/A       77%         2
 Wereblood                Tmut           0%         N/A       77%         2
 Confusing Touch          Hex            0%         N/A       93%         3
 Dazzling Flash           Conj/Hex       0%         N/A       93%         3
 Frozen Ramparts          Ice            0%         1d2       93%         3
 Portal Projectile        Hex/Tloc       0%         N/A       93%         3
 Spider Form              Tmut/Pois      0%         N/A       93%         3
 Swiftness                Air            0%         N/A       93%         3
 Airstrike                Air            0%         N/A       100%        4
 Animate Armour           Summ/Erth      0%         N/A       100%        4
 Fulminant Prism          Conj/Hex       0%         3d6       100%        4
 Hailstorm                Conj/Ice       0%         3d3       100%        4
 Iskenderun's Mystic Bla  Conj/Tloc      0%         2d3       100%        4
 Olgreb's Toxic Radiance  Pois           0%         N/A       100%        4
 Petrify                  Tmut/Erth      0%         N/A       100%        4
 Agony                    Necr           0%         N/A       100%        5
 Alistair's Intoxication  Tmut/Pois      0%         N/A       100%        5
 Blade Hands              Tmut           0%         N/A       100%        5
 Excruciating Wounds      Necr           0%         N/A       100%        5
 Fireball                 Conj/Fire      0%         3d3       100%        5
 Iskenderun's Battlesphe  Conj           0%         2d6       100%        5
 Metabolic Englaciation   Hex/Ice        0%         N/A       100%        5
 Summon Forest            Summ/Tloc      0%         N/A       100%        5
 Summon Mana Viper        Hex/Summ       0%         N/A       100%        5
 Yara's Violent Unravell  Hex/Tmut       0%         3d3       100%        5
 Conjure Ball Lightning   Conj/Air       0%         3x3d6     100%        6
 Invisibility             Hex            0%         N/A       100%        6
 Iron Shot                Conj/Erth      0%         9d1       100%        6
 Shadow Creatures         Summ           N/A        N/A       100%        6
 Starburst                Conj/Fire      0%         8x6d3     100%        6
 Statue Form              Tmut/Erth      0%         N/A       100%        6
 Orb of Destruction       Conj           0%         N/A       100%        7
 Fire Storm               Conj/Fire      0%         5d1       100%        9


Dungeon Overview and Level Annotations

Branches:
Dungeon (11/15)            Temple (1/1) D:6            Lair (6/6) D:10
  Swamp (4/4) Lair:4        Snake (0/4) Lair:4        Slime (3/5) Lair:5
    Orc (2/2) D:11            Elf (0/3) Orc:2

Altars:
Ashenzari
Cheibriados
Dithmenos
Elyvilon
Fedhas
Gozag
Hepliaklqana
Kikubaaqudgha
Makhleb
Nemelex Xobeh
Okawaru
Qazlal
Ru
Sif Muna
Trog
Uskayaw
Vehumet
Wu Jian
Xom
Yredelemnul
Zin
The Shining One

Shops:
D:11 *   Orc:1 (   Orc:2 :(:[*

Portals:
Abyss: D:3

Annotations:
D:3 2 transporters, Spaninq's ghost, weakling SpGl
D:7 2 transporters, DemonSlayer's ghost, novice HuBe
Lair:6 exclusion: oklob plant
Swamp:4 exclusion: oklob plant


Innate Abilities, Weirdness & Mutations

You are too large for most types of armour.
You have claws for hands.
Your natural rate of healing is unusually fast.
You are covered in thick fur. (AC +2)
You have tough skin. (AC +1)
You have large cloven feet.
You have a pair of small horns on your head.
Your skin changes colour to match your surroundings (Stealth+).
You are very weak. (Str -4)
Your spells are a little harder to cast, but a little more powerful.
Your movements are slightly less encumbered by armour. (ER -2)
You passively dampen the noise of your surroundings.


Message History

The briar patch crumbles away.
Tree limbs sway around you.
You are hit by a branch!
You block the spriggan druid's attack. You block the thorn hunter's attack. x2
You claw the spriggan druid!
The spriggan druid is almost dead.
The grasping roots constrict you! The spriggan druid closely misses you.
The thorn hunter hits you.
* * * LOW HITPOINT WARNING * * *
You block the thorn hunter's attack.
Unknown command.
You miss the spriggan druid. Your kick misses the spriggan druid.
The spriggan druid is almost dead.
The briar patch crumbles away. x2; You are hit by a branch!
* * * LOW HITPOINT WARNING * * *
The spriggan druid gestures wildly while chanting.
The spriggan druid is healed somewhat.
* * * LOW HITPOINT WARNING * * *
The grasping roots constrict you! You block the thorn hunter's attack.
The thorn hunter hits you.
* * * LOW HITPOINT WARNING * * *
Blink to where?
Press: ? - help, Dir - move target The roots' grasp on you weakens, but your attempt to escape fails.
As you read the scroll of blinking, it crumbles to dust.
The briar patch crumbles away.
A root lunges up near you. You block the thorn hunter's attack. x2
The spriggan druid hits you with a +0 quarterstaff!
* * * LOW HITPOINT WARNING * * *
You feel much better. "Serve the mortal, my child!"
Your shadow imp is hit by a branch!!
Your shadow imp dies!
A root smacks you from below!
* * * LOW HITPOINT WARNING * * *
x2 The grasping roots constrict you!
The thorn hunter fires a volley of thorns at you.
The volley of thorns hits you!!
You die...
Xom thinks this is hilarious!

<≈≈≈≈# ,, ..P *, * *#≈..8....#
††≈≈.#**,.,... ≈* #)♣..≈≈##.#
.....##* ,.♣..≈ * #*###.≈.♣##
♣≈≈≈§≈##**,..§≈ #....#
♣♣♣..≈§##** ♣≈.* ##♣##)#### ♣
♣≈÷≈≈≈## ♣.≈♣♣♣♣.♣♣.)#
♣♣♣♣≈≈≈≈≈## ♣..≈f..♣..§.#
..≈♣.≈≈≈≈≈#♣#♣≈if♣.≈.≈♣.♣
..♣.≈≈≈≈≈≈.#♣#♣≈@≈.♣[.#♣##♣♣ ♣♣♣
.♣♣≈≈≈≈≈≈≈≈.###♣.≈♣≈.♣###≈.♣♣♣≈♣
.≈≈≈≈≈≈≈≈≈≈≈≈# #.≈..♣###≈≈.≈≈≈≈♣♣
.♣.≈≈≈≈≈≈≈≈.≈##♣♣≈P#♣#♣≈≈≈≈≈≈≈≈.♣
≈♣≈.........P≈###...##≈..≈..≈§≈♣♣
≈...≈♣[.♣♣♣.≈≈...PPPP♣♣.≈≈≈≈§≈.♣♣
≈≈≈≈.≈..♣♣♣...♣.÷PPPPPP≈≈≈≈..<.♣♣
≈≈≈≈≈..≈♣..♣.......≈♣♣≈≈≈§≈≈≈§≈≈≈
≈≈≈≈≈..♣♣♣.♣♣..≈.≈≈♣♣♣.≈≈≈≈≈§≈≈≈≈


You could see a thorn hunter, a shambling mangrove and a spriggan druid.

Vanquished Creatures
  A tentacled monstrosity (Swamp:3)
  Jorgrun (Orc:2)
  4 thorn hunters
  An acid blob (Slime:2)
  A rockslime (Slime:1)
  3 hydra zombies (Swamp:4)
  2 quicksilver oozes
  2 vampire knights (Swamp:4)
  Nessos (Orc:2)
  7 bunyips
  2 dire elephants (Lair:6)
  An ettin (D:11)
  6 eleionomae
  Josephine (Orc:1)
  A shambling mangrove (Swamp:4)
  A fire dragon (Lair:6)
  A ghost crab (Swamp:4)
  An anaconda (Swamp:1)
  15 hydras
  3 catoblepae (Lair:6)
  8 alligators
  5 two-headed ogres
  20 death yaks
  A fire crab (Lair:6)
  A death drake (Swamp:4)
  7 goliath frogs
  2 spriggan druids
  5 bog bodies
  6 swamp dragons
  3 lindwurms
  5 orc knights
  4 spectral hydras (Swamp:4)
  3 cyclopes
  3 will-o-the-wisps
  2 manticores (Lair:6)
  6 slime creatures
  16 elephants
  5 black mambas
  Joseph (D:10)
  An eye of devastation (Lair:6)
  8 torpor snails
  An unseen horror (D:11)
  Psyche (D:10)
  11 cane toads
  A freezing wraith (Swamp:4)
  5 rime drakes
  10 komodo dragons
  4 trolls
  4 death drake zombies (Swamp:4)
  A bloated husk (Swamp:1)
  13 hornets
  4 polar bears
  12 tyrant leeches
  8 dream sheep
  17 blink frogs
  7 spriggans
  8 wyverns
  2 shadows (D:10)
  4 wraiths
  A fire bat (D:5)
  3 steam dragons
  25 yaks
  5 basilisks
  5 vampire mosquitoes
  14 swamp worms
  2 wargs
  4 nagas (Lair:4)
  5 acid dragons
  A floating eye (Slime:2)
  2 hydra simulacra (Swamp:4)
  16 water moccasins
  8 swamp drakes
  An ice beast (D:8)
  2 swamp dragon zombies (Swamp:4)
  34 orc warriors
  4 black bears
  2 necrophages
  2 sky beasts
  A wolf (Lair:6)
  12 ogres
  A swamp dragon skeleton (Swamp:4)
  9 centaurs
  A gnoll sergeant (D:11)
  11 bullfrogs
  3 kobold brigands
  2 scorpions
  A water moccasin zombie (D:7)
  2 water moccasin skeletons
  A killer bee (D:9)
  4 electric eels
  2 centaur zombies
  2 bullfrog zombies (D:6)
  6 jellies
  3 bullfrog skeletons
  14 orc priests
  2 hounds
  3 iguanas
  Natasha (twice) (D:3)
  A centaur skeleton (D:6)
  24 orc wizards
  6 hell rats (Lair:6)
  A hound skeleton (D:5)
  A howler monkey zombie (D:8)
  9 adders
  8 gnolls
  A shadow imp (D:8)
  3 worms
  A dart slug (D:7)
  64 orcs
  10 endoplasms
  2 giant cockroaches
  4 goblins
  11 hobgoblins
  5 jackals
  5 quokkas
  7 ball pythons
  4 bats
  3 frilled lizards
  31 kobolds
  5 rats
  A briar patch (Swamp:4)
705 creatures vanquished.

Vanquished Creatures (collateral kills)
  A hydra (Swamp:3)
  A skeletal warrior (D:6)
  An orc sorcerer (Orc:2)
  A cane toad (Lair:3)
  A komodo dragon (D:10)
  2 blink frogs (Lair:6)
  5 yaks
  A naga (Lair:4)
  3 orc warriors
  2 ogres
  2 centaurs
  A wyvern skeleton (D:6)
  A jelly (Lair:5)
  2 orc priests
  2 gnolls (D:2)
  8 orcs
  A bat (D:2)
  2 endoplasms (Lair:5)
  A hobgoblin (D:2)
  A frilled lizard (D:2)
39 creatures vanquished.

Vanquished Creatures (others)
  A dancing weapon (Orc:2)
  A hornet (Swamp:3)
  A basilisk (Lair:2)
  A briar patch (Swamp:4)
  13 foxfires
  23 fungi
  61 plants
101 creatures vanquished.

Grand Total: 845 creatures vanquished

Notes
Turn   | Place    | Note
-------+----------+-------------------------------------------
     0 | D:1      | Spaninq the Troll Chaos Knight began the quest for the Orb.
     0 | D:1      | Reached XP level 1. HP: 22/22 MP: 0/0
    95 | D:1      | Reached XP level 2. HP: 29/29 MP: 1/1
   335 | D:1      | XOM: silly message
   339 | D:1      | Reached XP level 3. HP: 36/36 MP: 2/2
   439 | D:1      | Found a faded altar of an unknown god.
   486 | D:1      | XOM: cloud trail
   499 | D:2      | Reached skill level 4 in Unarmed Combat
   712 | D:2      | XOM: enchant monster (bad)
   721 | D:2      | XOM: summons 1 hostile shadow creature
   770 | D:2      | Reached XP level 4. HP: 45/45 MP: 3/3
   780 | D:2      | XOM: torment (24/45 hp)
   785 | D:2      | XOM: noise
   987 | D:2      | XOM: give mutations
   987 | D:2      | Gained mutation: You have a pair of small horns on your
                  | head. [Xom's mischief]
   987 | D:2      | Gained mutation: You are weak. (Str -2) [Xom's mischief]
  1024 | D:3      | XOM: noise
  1028 | D:3      | XOM: 4-stop teleportation journey
  1029 | D:3      | Noticed Natasha
  1034 | D:3      | Killed Natasha
  1051 | D:3      | XOM: enchant monster (bad)
  1052 | D:3      | XOM: smoke on damage
  1055 | D:3      | XOM: noise
  1056 | D:3      | Reached skill level 5 in Unarmed Combat
  1085 | D:3      | Reached XP level 5. HP: 45/53 MP: 4/4
  1149 | D:3      | Found a radiant altar of Vehumet.
  1411 | D:3      | XOM: 1-stop teleportation journey
  1411 | D:3      | Noticed Natasha
  1418 | D:3      | Killed Natasha
  1503 | D:3      | Found a transporter.
  1505 | D:3      | Noticed a black bear
  1513 | D:3      | Killed a black bear
  1514 | D:3      | Reached skill level 6 in Unarmed Combat
  1514 | D:3      | Reached XP level 6. HP: 61/62 MP: 5/5
  1517 | D:3      | Found a one-way gate to the infinite horrors of the Abyss.
  1517 | D:3      | Noticed Spaninq's ghost (weakling SpGl)
  1517 | D:3      | Noticed a small abomination
  1549 | D:3      | Found a transporter.
  1764 | D:3      | XOM: summons 4 hostile demons
  2137 | D:4      | XOM: fake destruction
  2147 | D:4      | XOM: 1-stop teleportation journey
  2154 | D:4      | Reached XP level 7. HP: 66/70 MP: 6/6
  2168 | D:4      | XOM: give mutations
  2168 | D:4      | Gained mutation: You are frail. (-10% HP) [Xom's mischief]
  2168 | D:4      | Lost mutation: You are frail. (-10% HP) [Xom's mischief]
  2168 | D:4      | Gained mutation: You sometimes lose the ability to read
                  | scrolls when taking damage. [Xom's mischief]
  2237 | D:4      | Identified a scroll of acquirement
  2237 | D:4      | Acquired a +1 tower shield of reflection
  2410 | D:4      | Identified the ring of Equilibrium {rPois rF+}
  2699 | D:5      | Entered Level 5 of the Dungeon
  2710 | D:5      | XOM: smoke on damage
  2713 | D:5      | Identified the +2 pair of boots "Wenemo Atwe" {-Tele rN+
                  | Dex+6 SInv}
  2745 | D:5      | Reached skill level 7 in Unarmed Combat
  2990 | D:5      | XOM: enchant monster (bad)
  2997 | D:5      | Reached skill level 1 in Shields
  3003 | D:5      | XOM: give mutations
  3003 | D:5      | Gained mutation: You passively dampen the noise of your
                  | surroundings. [Xom's mischief]
  3003 | D:5      | Lost mutation: You have a pair of small horns on your head.
                  | [Xom's mischief]
  3003 | D:5      | Gained mutation: You are clumsy. (Dex -2) [Xom's mischief]
  3003 | D:5      | Gained mutation: You are very clumsy. (Dex -4) [Xom's
                  | mischief]
  3541 | D:5      | XOM: give mutations
  3541 | D:5      | Gained mutation: Your flesh is cold resistant. (rC+) [Xom's
                  | grace]
  3541 | D:5      | Gained mutation: You have a pair of small horns on your
                  | head. [Xom's grace]
  3541 | D:5      | Gained mutation: Your skin changes colour to match your
                  | surroundings (Stealth+). [Xom's grace]
  3637 | D:5      | Noticed a fire bat
  3637 | D:5      | a sky beast changed into a fire bat
  3637 | D:5      | XOM: polymorph sky beast -> fire bat
  3645 | D:5      | Killed a fire bat
  3721 | D:6      | XOM: summons friendly ufetubus
  3739 | D:6      | Reached XP level 8. HP: 79/79 MP: 7/7
  3840 | D:6      | XOM: 4-stop teleportation journey
  3850 | D:6      | Found a staircase to the Ecumenical Temple.
  3856 | Temple   | Entered the Ecumenical Temple
  4074 | D:6      | Reached skill level 8 in Unarmed Combat
  4131 | D:6      | XOM is BORED!
  4131 | D:6      | XOM: summons 5 hostile demons
  4274 | D:6      | Found a shimmering blue altar of Sif Muna.
  4443 | D:6      | Reached skill level 5 in Fighting
  4629 | D:7      | Found a transporter.
  4639 | D:7      | Noticed a skeletal warrior
  4693 | D:7      | Noticed a two-headed ogre
  4701 | D:7      | XOM: butterfly on damage
  4704 | D:7      | Killed a two-headed ogre
  4705 | D:7      | Reached skill level 9 in Unarmed Combat
  4705 | D:7      | Reached XP level 9. HP: 27/88 MP: 8/8
  4730 | D:7      | XOM: 1-stop teleportation journey
  4824 | D:7      | Found a transporter.
  4824 | D:7      | Noticed DemonSlayer's ghost (novice HuBe)
  4840 | D:7      | Noticed a skeletal warrior
  4843 | D:7      | XOM: polymorph kobold -> dart slug
  4862 | D:7      | XOM: smoke on damage
  4867 | D:6      | XOM: cast spell 'Discord'
  4869 | D:6      | XOM: divination: magic mapping
  4923 | D:6      | XOM: swap monsters
  4987 | D:6      | Killed a skeletal warrior
  4988 | D:6      | Reached skill level 5 in Shields
  5063 | D:6      | Found a shimmering blue altar of Sif Muna.
  5233 | D:6      | Found a staircase to the Ecumenical Temple.
  5295 | D:7      | Noticed a skeletal warrior
  5425 | D:6      | XOM: give mutation
  5425 | D:6      | Lost mutation: Your flesh is cold resistant. (rC+) [Xom's
                  | mischief]
  5648 | D:7      | XOM: summons 1 hostile demon
  5837 | D:7      | XOM: give mutation
  5837 | D:7      | Gained mutation: You expend magic power (3 MP) to
                  | strengthen your wands. [Xom's mischief]
  6225 | D:8      | XOM: 2-stop teleportation journey
  6397 | D:8      | Found a glowing golden altar of the Shining One.
  6588 | D:8      | XOM: summons 5 friendly demons
  6590 | D:8      | Reached skill level 10 in Unarmed Combat
  6658 | D:8      | XOM: noise
  6687 | D:8      | XOM: noise
  6813 | D:9      | XOM: 3-stop teleportation journey
  7098 | D:9      | XOM: confuse monster(s)
  7118 | D:9      | XOM: cleaving
  7261 | D:9      | Noticed a troll
  7279 | D:9      | Killed a troll
  7280 | D:9      | Reached XP level 10. HP: 50/100 MP: 9/9
  7371 | D:9      | XOM: silly message
  7400 | D:9      | Found a white marble altar of Elyvilon.
  7493 | D:9      | XOM: silly message
  7584 | D:9      | XOM: divination: magic mapping
  7653 | D:9      | Noticed a two-headed ogre
  7655 | D:9      | XOM: silly message
  7658 | D:9      | Killed a two-headed ogre
  7660 | D:9      | XOM: scenery: summon butterflies
  7907 | D:9      | Acquired the ring "Caunes" {rPois rF+}
  7910 | D:10     | Entered Level 10 of the Dungeon
  7910 | D:10     | Noticed Psyche
  7920 | D:10     | Killed Psyche
  7921 | D:10     | Reached skill level 11 in Unarmed Combat
  8036 | D:10     | Found a sparkling altar of Nemelex Xobeh.
  8036 | D:10     | Found a hazy altar of Hepliaklqana.
  8039 | D:10     | XOM: fake destruction
  8044 | D:10     | XOM: cleaving
  8268 | D:10     | XOM: potion effect (invisibility)
  8382 | D:10     | Noticed Joseph
  8384 | D:10     | XOM: enchant monster (good)
  8387 | D:10     | XOM: potion effect (experience)
  8387 | D:10     | Reached skill level 10 in Shields
  8387 | D:10     | Reached XP level 11. HP: 109/109 MP: 10/10
  8389 | D:10     | XOM: divination: magic mapping
  8393 | D:10     | Killed Joseph
  8394 | D:10     | Reached XP level 12. HP: 117/118 MP: 11/11
  8480 | D:10     | XOM: summons friendly quasit
  8516 | D:10     | Found a staircase to the Lair.
  8521 | D:10     | XOM: cleaving
  8658 | D:10     | Reached skill level 12 in Unarmed Combat
  8849 | D:11     | Noticed a two-headed ogre
  8857 | D:11     | XOM: summons 5 friendly demons
  8880 | D:11     | XOM: polymorph something unseen -> frilled lizard
  8892 | D:10     | XOM: god gift: scroll of blinking
  8991 | D:11     | Found Ateg's Assorted Antiques.
  9003 | D:11     | Noticed a two-headed ogre
  9014 | D:10     | XOM: summons friendly quasit
  9020 | D:10     | Killed a two-headed ogre
  9056 | D:11     | XOM: summons friendly white imp
  9096 | D:11     | XOM: divination: detect creatures
  9127 | D:11     | Killed a two-headed ogre
  9167 | D:11     | Found a staircase to the Orcish Mines.
  9281 | D:11     | XOM: 4-stop teleportation journey
  9315 | D:11     | XOM: 1-stop teleportation journey
  9336 | D:11     | XOM: give mutations
  9336 | D:11     | Gained mutation: You are covered in thick fur. (AC +2)
                  | [Xom's grace]
  9336 | D:11     | Gained mutation: You have a pair of horns on your head.
                  | [Xom's grace]
  9900 | Lair:1   | Entered Level 1 of the Lair of Beasts
 10126 | Lair:1   | XOM: enchant monster (good)
 10607 | Lair:1   | XOM: give mutations
 10607 | Lair:1   | Gained mutation: You have large cloven feet. [Xom's grace]
 10607 | Lair:1   | Gained mutation: Your spells are a little harder to cast,
                  | but a little more powerful. [Xom's grace]
 10607 | Lair:1   | Gained mutation: You are partially covered in iridescent
                  | scales. (AC +2) [Xom's grace]
 10607 | Lair:1   | Gained mutation: Your movements are slightly less
                  | encumbered by armour. (ER -2) [Xom's grace]
 10699 | Lair:1   | XOM: summons 2 hostile shadow creatures
 10772 | Lair:1   | XOM: god gift: 26 bolts
 10874 | Lair:2   | Found a snail-covered altar of Cheibriados.
 10886 | Lair:2   | Reached skill level 1 in Armour
 10898 | Lair:2   | XOM: divination: detect items
 10905 | Lair:2   | XOM: divine lightning
 10914 | Lair:2   | XOM: 2-stop teleportation journey
 10999 | Lair:2   | XOM: god gift: potion of lignification
 11085 | Lair:2   | XOM: give mutations
 11085 | Lair:2   | Gained mutation: You have supernaturally acute eyesight.
                  | (SInv) [Xom's grace]
 11085 | Lair:2   | Lost mutation: You are very clumsy. (Dex -4) [Xom's grace]
 11085 | Lair:2   | Gained mutation: You evolve. [Xom's grace]
 11216 | Lair:2   | Noticed a five-headed hydra
 11227 | Lair:2   | Killed a one-headed hydra
 11689 | Lair:3   | Noticed a six-headed hydra
 11689 | Lair:3   | XOM: summons friendly white imp
 11691 | Lair:3   | XOM: summons 2 friendly demons
 11696 | Lair:3   | Killed a four-headed hydra
 11697 | Lair:3   | Reached skill level 13 in Unarmed Combat
 11890 | Lair:3   | XOM: cleaving
 11920 | Lair:3   | Reached XP level 13. HP: 128/128 MP: 12/12
 11926 | Lair:3   | XOM: enchant monster (good)
 12437 | Lair:3   | XOM: fake destruction
 12577 | Lair:3   | XOM: divination: detect creatures
 12858 | Lair:4   | Found a staircase to the Snake Pit.
 12860 | Lair:4   | XOM: summons friendly ufetubus
 12861 | Lair:4   | XOM: enchant monster (good)
 13023 | Lair:4   | XOM: noise
 13026 | Lair:4   | XOM: confusion (+ monsters)
 13206 | Lair:4   | XOM: potion effect (curing)
 13208 | Lair:4   | XOM: enchant monster (good)
 13231 | Lair:4   | Reached skill level 14 in Unarmed Combat
 13615 | Lair:4   | Found a staircase to the Swamp.
 13822 | Lair:5   | XOM: destruction
 13834 | Lair:4   | XOM: summons 4 friendly demons
 13842 | Lair:4   | XOM: polymorph iron imp -> shadow imp
 13986 | Lair:5   | XOM: confusion (+ monsters)
 14014 | Lair:5   | Reached skill level 5 in Dodging
 14018 | Lair:5   | XOM: summons friendly shadow imp
 14115 | Lair:5   | Found a staircase to the Slime Pits.
 14188 | Lair:5   | XOM: confuse monster(s)
 14196 | Lair:5   | XOM: enchant monster (bad)
 14263 | Lair:5   | Reached XP level 14. HP: 140/140 MP: 13/13
 14314 | Lair:5   | XOM: summons 6 hostile demons
 14458 | Lair:5   | XOM: 3-stop teleportation journey
 14544 | Lair:5   | XOM: give mutations
 14544 | Lair:5   | Lost mutation: You are partially covered in iridescent
                  | scales. (AC +2) [Xom's mischief]
 14544 | Lair:5   | Lost mutation: You have a pair of horns on your head.
                  | [Xom's mischief]
 14752 | Lair:5   | XOM: summons 1 hostile shadow creature
 14950 | Slime:1  | Entered Level 1 of the Pits of Slime
 14968 | Slime:1  | XOM: enchant monster (bad)
 14968 | Slime:1  | Noticed a rockslime
 15131 | Slime:2  | Noticed a quicksilver ooze
 15162 | Slime:1  | Killed a rockslime
 15229 | Slime:2  | Paralysed by a floating eye for 2 turns
 15229 | Slime:2  | XOM: smoke on damage
 15237 | Slime:1  | Killed a quicksilver ooze
 15238 | Slime:1  | XOM: 1-stop teleportation journey
 15241 | Slime:1  | Noticed an acid blob
 15253 | Slime:2  | Paralysed by a floating eye for 3 turns
 15341 | Slime:3  | Noticed an acid blob
 15341 | Slime:3  | Noticed an acid blob
 15341 | Slime:3  | Noticed an acid blob
 15341 | Slime:3  | Noticed an acid blob
 15349 | Slime:2  | Killed an acid blob
 15350 | Slime:2  | Reached skill level 5 in Armour
 15397 | Slime:3  | Noticed a rockslime
 15464 | Lair:6   | Entered Level 6 of the Lair of Beasts
 15540 | Lair:6   | XOM: god gift: plate armour {god gift}
 15678 | Lair:6   | XOM: give mutations
 15678 | Lair:6   | Gained mutation: Your system is resistant to poisons.
                  | (rPois) [Xom's mischief]
 15678 | Lair:6   | Gained mutation: You are very weak. (Str -4) [Xom's
                  | mischief]
 15678 | Lair:6   | Lost mutation: You are clumsy. (Dex -2) [Xom's mischief]
 15693 | Lair:6   | XOM: draining
 15754 | Lair:6   | XOM: enchant monster (good)
 15761 | Lair:6   | Reached skill level 15 in Unarmed Combat
 15798 | Lair:6   | XOM: enchant monster (good)
 15854 | Lair:6   | XOM: polymorph elephant -> eye of devastation
 15956 | Lair:6   | XOM: summons friendly shadow imp
 15959 | Lair:5   | Lost mutation: You evolve. [end of evolution]
 15961 | Lair:5   | XOM: scenery: create altars
 16055 | Lair:6   | XOM: summons 2 friendly demons
 16061 | Lair:5   | XOM: enchant monster (good)
 16104 | Lair:5   | XOM: potion effect (might)
 16110 | Lair:5   | XOM: confuse monster(s)
 16299 | Lair:6   | XOM: potion effect (heal wounds)
 16301 | Lair:6   | XOM: enchant monster (bad)
 16509 | Lair:6   | XOM: blink monster(s)
 16514 | Lair:6   | XOM: enchant monster (bad)
 16548 | Lair:6   | Reached skill level 10 in Fighting
 16554 | Lair:6   | Reached XP level 15. HP: 130/149 MP: 14/14
 16581 | Lair:6   | Acquired quicksilver dragon scales
 16687 | Lair:6   | Found a runed translucent door.
 16815 | Lair:6   | Got the Compendium of Evil Flames
 16929 | Lair:6   | XOM: cast spell 'Olgreb's Toxic Radiance'
 17044 | Lair:6   | XOM: cast spell 'Death Channel'
 17270 | Lair:6   | XOM: noise
 17271 | Lair:6   | XOM: divination: magic mapping
 17299 | Lair:6   | XOM: cast spell 'Summon Hydra'
 17366 | Lair:6   | XOM: summons 11 friendly demons
 17868 | Orc:1    | Entered Level 1 of the Orcish Mines
 17908 | Orc:1    | XOM: polymorph orc priest -> hound
 17910 | D:11     | XOM: summons 13 friendly demons
 17940 | D:11     | XOM: scenery: create altars
 17952 | Orc:1    | Reached skill level 16 in Unarmed Combat
 18003 | Orc:1    | Noticed Urug
 18007 | Orc:1    | XOM: swap monsters
 18008 | Orc:1    | You fall into a shaft and drop 1 floor!
 18008 | Orc:2    | Entered Level 2 of the Orcish Mines
 18018 | Orc:1    | XOM: summons 4 friendly demons
 18034 | Orc:1    | XOM: divination: magic mapping
 18199 | Orc:1    | Noticed Urug
 18199 | Orc:1    | Urug changed into Urug the two-headed ogre
 18199 | Orc:1    | XOM: polymorph Urug -> Urug the two-headed ogre
 18207 | Orc:1    | Killed Urug the two-headed ogre
 18282 | Orc:1    | XOM: scenery: create altars
 18290 | Orc:1    | XOM: god gift: 21 gold pieces
 18389 | Orc:1    | Found Zomn's Weapon Shop.
 18443 | Orc:1    | XOM: god gift: 54 gold pieces
 18540 | Orc:2    | Found a staircase to the Elven Halls.
 18580 | Orc:2    | Noticed Josephine
 18646 | Orc:1    | Killed Josephine
 18667 | Orc:2    | Noticed Nessos
 18668 | Orc:2    | XOM: polymorph centaur -> hornet
 18671 | Orc:2    | Killed Nessos
 18718 | Orc:2    | XOM: scenery: create altars
 18722 | Orc:2    | XOM: scenery: summon butterflies
 18774 | Orc:2    | XOM: scenery: summon butterflies
 18814 | Orc:2    | Found Mietoi's Book Emporium.
 18814 | Orc:2    | Found Xewig's Weapon Boutique.
 18816 | Orc:2    | Found Uzu Weg's Book Shop.
 18818 | Orc:2    | Found Lyrostrid's Antique Armour Shoppe.
 18824 | Orc:2    | Bought an embroidered cloak for 277 gold pieces
 18825 | Orc:2    | XOM: summons 1 hostile demon
 18968 | Orc:2    | Noticed Jorgrun
 18988 | Orc:2    | XOM: 1-stop teleportation journey
 18991 | Orc:2    | XOM: blink monster(s)
 18997 | Orc:2    | Found Laquy's Overcharged Wands.
 19005 | Orc:2    | XOM: swap monsters
 19009 | Orc:2    | XOM: torment (75/150 hp)
 19011 | Orc:2    | XOM: smoke on damage
 19230 | Orc:2    | XOM: confusion
 19242 | Orc:2    | Killed Jorgrun
 19631 | Orc:1    | XOM: draining
 19872 | Swamp:1  | Entered Level 1 of the Swamp
 19872 | Swamp:1  | XOM: 2-stop teleportation journey
 19935 | Swamp:1  | XOM: polymorph spriggan druid -> anaconda
 20019 | Swamp:1  | XOM: confuse monster(s)
 20300 | Swamp:1  | XOM: give mutations
 20300 | Swamp:1  | Lost mutation: Your system is resistant to poisons. (rPois)
                  | [Xom's mischief]
 20300 | Swamp:1  | Lost mutation: You expend magic power (3 MP) to strengthen
                  | your wands. [Xom's mischief]
 20329 | Swamp:1  | XOM: torment (77/152 hp)
 20529 | Swamp:2  | XOM: give mutation
 20529 | Swamp:2  | Lost mutation: You sometimes lose the ability to read
                  | scrolls when taking damage. [Xom's mischief]
 20641 | Swamp:2  | XOM: polymorph seven-headed hydra -> quicksilver ooze
 20643 | Swamp:2  | XOM: blink monster(s)
 20652 | Swamp:2  | Reached XP level 16. HP: 130/161 MP: 0/15
 20843 | Swamp:2  | XOM: enchant monster (good)
 20859 | Swamp:2  | XOM: give mutations
 20859 | Swamp:2  | Gained mutation: Armour fits poorly on your strangely
                  | shaped body. [Xom's mischief]
 20859 | Swamp:2  | Lost mutation: Armour fits poorly on your strangely shaped
                  | body. [Xom's mischief]
 20859 | Swamp:2  | Lost mutation: You have supernaturally acute eyesight.
                  | (SInv) [Xom's mischief]
 20976 | Swamp:2  | XOM: summons 3 hostile demons
 21188 | Swamp:2  | Noticed a thorn hunter
 21188 | Swamp:2  | XOM: swap monsters
 21200 | Swamp:2  | XOM: summons 4 friendly demons
 21203 | Swamp:2  | XOM: potion effect (brilliance)
 21213 | Swamp:2  | Killed a thorn hunter
 21318 | Swamp:2  | XOM: summons 3 friendly demons
 21321 | Swamp:2  | XOM: polymorph crimson imp -> neqoxec
 21510 | Swamp:3  | Noticed a tentacled monstrosity
 21511 | Swamp:3  | XOM: smoke on damage
 21514 | Swamp:3  | XOM: enchant monster (bad)
 21515 | Swamp:3  | XOM: summons friendly iron imp
 21529 | Swamp:3  | XOM: summons friendly white imp
 21552 | Swamp:3  | XOM: enchant monster (good)
 21556 | Swamp:3  | XOM: noise
 21557 | Swamp:3  | XOM: cast spell 'Summon Ice Beast'
 21565 | Swamp:3  | XOM: noise
 21574 | Swamp:3  | Reached skill level 17 in Unarmed Combat
 21579 | Swamp:3  | XOM: 1-stop teleportation journey
 21588 | Swamp:3  | XOM: silly message
 21609 | Swamp:3  | Killed a tentacled monstrosity
 21648 | Swamp:3  | XOM: scenery: summon butterflies
 21662 | Swamp:3  | XOM: cast spell 'Shadow Creatures'
 21669 | Swamp:2  | XOM: smoke on damage
 22068 | Swamp:3  | Identified the +7 rapier "Killer Klown's Peril" {elec,
                  | Will+ rCorr Str-2}
 22089 | Swamp:4  | Entered Level 4 of the Swamp
 22339 | Swamp:4  | Noticed a thorn hunter
 22356 | Swamp:4  | Killed a thorn hunter
 22459 | Swamp:4  | XOM: enchant monster (bad)
 22460 | Swamp:4  | XOM: noise
 22477 | Swamp:3  | XOM: scenery: create altars
 22660 | Swamp:4  | XOM: cleaving
 22743 | Swamp:4  | Identified the +1 arbalest of Jeasopp {freeze, rF+}
 22986 | Swamp:4  | XOM: scenery: summon butterflies
 22987 | Swamp:4  | XOM: cleaving
 22989 | Swamp:4  | XOM: god gift: +6 shillelagh "Devastator" {shatter}
 22990 | Swamp:4  | Found the +6 shillelagh "Devastator" {shatter}
 23224 | Swamp:4  | XOM: potion effect (invisibility)
 23375 | Swamp:4  | XOM: potion effect (curing)
 23394 | Swamp:4  | Noticed a thorn hunter
 23403 | Swamp:4  | XOM: cast spell 'Summon Small Mammal'
 23415 | Swamp:4  | Killed a thorn hunter
 23430 | Swamp:4  | XOM: polymorph four-headed hydra -> cyclops
 23449 | Swamp:4  | XOM: god gift: arbalest {god gift}
 23463 | Swamp:4  | XOM: enchant monster (good)
 23473 | Swamp:4  | XOM: god gift: 2 potions of cancellation
 23560 | Swamp:4  | XOM: divination: magic mapping
 23580 | Swamp:4  | Found a basalt altar of Yredelemnul.
 23590 | Swamp:4  | XOM: enchant monster (good)
 23724 | Swamp:4  | Noticed a thorn hunter
 23728 | Swamp:4  | XOM: summons friendly ufetubus
 23731 | Swamp:4  | Reached XP level 17. HP: 163/164 MP: 16/16
 23745 | Swamp:4  | XOM: summons friendly shadow imp
 23745 | Swamp:4  | HP: 7/167 [shambling mangrove (13)]
 23745 | Swamp:4  | Killed from afar by a thorn hunter

Illustrated notes

Levels and vault maps discovered:
D:1:      dpeg_arrival_rooms_c, layout_rooms, ebering_ecumenical_altar_rust
D:2:      layout_basic
D:3:      layout_basic, general_overflow_altar, gammafunk_ghost_abyssal_escape,
          uniq_natasha
D:4:      layout_loops_cross, minmay_misc_feat_four_crosses,
          minmay_goblin_kobold_house
D:5:      layout_basic
D:6:      layout_basic, led_sif_pool, minmay_temple_entry_gardened_gates
D:7:      layout_loops_ring, gammafunk_ghost_mausoleum
D:8:      layout_rooms, nicolae_tso_carved_into_rock
D:9:      minmay_angry_zag, layout_stronghold, kennysheep_mini_moat,
          nicolae_straight_to_the_point
D:10:     layout_loops_ring, gammafunk_temple_overflow_pools, erik_lair_dragon,
          billiards_dpeg, uniq_joseph, uniq_psyche
D:11:     layout_irregular_city, erik_orc_1, serial_shops,
          nicolae_shop_temple_entry_statues_fountains, minmay_tree_intersection
Temple:   eino_temple_scatter_basement
Lair:1:   layout_small_grid, st_stairs_3, gammafunk_lair_bear_cave
Lair:2:   layout_roguey, kennysheep_snail_temple, serial_bayou_shore_a,
          infiniplex_staircase_pool_2, serial_bayou_shore_b
Lair:3:   layout_cave_pods
Lair:4:   layout_cellular_growth, nicolae_swamp_entry_splash_gauntlet,
          minmay_snake_entry_guardpost_medium, serial_bayou_ford_a,
          beast_lair_carwin_8
Lair:5:   layout_regular_city, nicolae_slime_entry_slimehenge,
          beast_lair_carwin_4, grunt_megastairs_5
Lair:6:   wormcave, layout_gridlike, hangedman_lair_in_review,
          minmay_lair_oklob_chamber
Swamp:1:  layout_basic_swamp, evilmike_swamp_ruin_house_4
Swamp:2:  layout_basic_swamp, serial_swamp_ruin, evilmike_swamp_ruin_rubble_1,
          evilmike_swamp_ruin_house_3, hangedman_swamp_ruin_hall, swamp_pool5,
          nicolae_swamp_alligator_family
Swamp:3:  layout_falls_marsh, nicolae_swamp_round_clearing
Swamp:4:  byrel_swamp_growth_death_and_undeath, layout_basic_swamp
Slime:1:  layout_caves
Slime:2:  layout_caves
Slime:3:  layout_caves
Orc:1:    layout_caves, serial_shops, nicolae_shop_crystal, uniq_urug
Orc:2:    st_orc_rangers, layout_caves, nicolae_orc_pool_cavern,
          nicolae_shop_overcharged_wands, uniq_josephine, uniq_jorgrun,
          uniq_nessos

Skill      XL: |  1  2  3  4  5  6  7  8  9 10 11 12 13 14 15 16 |
---------------+-------------------------------------------------+-----
Unarmed Combat | 4 5 6 7 9 10 11 13 14 15 16 17 | 17.7
Fighting       | 3 4 5 6 7 8 9 10 11 | 11.4
Shields        | 2 4 6 10 11 12 13 | 13.7
Dodging        | 3 5 6 7 8 |  8.8
Armour         | 2 4 6 7 8 |  8.4

Action                   |  1- 3 |  4- 6 |  7- 9 | 10-12 | 13-15 | 16-18 || total
-------------------------+-------+-------+-------+-------+-------+-------++-------
Melee: Unarmed           |   105 |   151 |   327 |   400 |  1076 |   415 ||  2474
       Punch             |     1 |     2 |       |       |       |       ||     3
       Headbutt          |       |    12 |    42 |    73 |   238 |   122 ||   487
       Kick              |       |       |       |    34 |   387 |   174 ||   595
       Scimitar          |       |       |       |     8 |    30 |    32 ||    70
Throw: Dart              |       |     8 |     4 |       |       |       ||    12
Evoke: Wand              |       |       |       |       |     1 |       ||     1
  Use: Scroll            |       |       |    17 |     9 |     8 |     3 ||    37
       Potion            |       |       |       |       |     2 |     4 ||     6
 Stab: Sleeping          |       |       |     2 |     2 |     6 |     2 ||    12
       Invisible         |       |       |       |     6 |       |     2 ||     8
       Petrifying        |       |       |       |     1 |       |       ||     1
       Petrified         |       |       |       |     8 |     6 |     4 ||    18
       Confused          |       |       |       |     1 |       |       ||     1
       Distracted        |       |       |       |       |     2 |       ||     2
       Paralysed         |       |       |       |       |       |     2 ||     2
Armor: Robe              |    35 |    57 |    75 |       |       |       ||   167
       Acid dragon scale |       |       |       |    67 |   102 |       ||   169
       Skin              |       |       |       |     1 |       |       ||     1
       Quicksilver drago |       |       |       |       |    76 |   245 ||   321
Dodge: Dodged            |    42 |    58 |    63 |    60 |   231 |   212 ||   666
Block: Tower shield      |       |       |   231 |   294 |   894 |   464 ||  1883
       Reflection        |       |       |     3 |     7 |    88 |     7 ||   105
       Rpst.: Scimitar   |       |       |       |       |     1 |     1 ||     2
